 Dungeon Crawl Stone Soup version 0.27-a0-861-g9529aa9bf3 (webtiles) character file.

Game seed: 3087719179720417820

272 Essalna the Digger (level 6, -13/32 HPs)
             Began as a Gargoyle Earth Elementalist on Apr 2, 2021.
             Blown up by Ijyb (17 damage)
             ... with a mindburst bolt
             ... on level 3 of the Dungeon.
             The game lasted 00:07:50 (3668 turns).

Essalna the Digger (Gargoyle Earth Elementalist)    Turns: 3668, Time: 00:07:51

Health: -13/32     AC:  6    Str: 11    XL:     6   Next: 23%
Magic:  7/11       EV: 11    Int: 18    God:
Gold:   109        SH:  0    Dex: 10    Spells: 8/12 levels left

rFire    . . .     SeeInvis .   o - +3 war axe (vorpal)
rCold    . . .     Faith    .   (no shield)
rNeg     + . .     Spirit   .   c - +0 robe
rPois    ∞         Reflect  .   (no helmet)
rElec    +         Harm     .   (no cloak)
rCorr    .         Rampage  .   (no gloves)
Will     .....                  (no boots)
Stlth    ++........             (no amulet)
HPRegen  0.10/turn              (no ring)
MPRegen  0.12/turn              (no ring)

@: flying
A: AC +4, negative energy resistance 1, electricity resistance, torment
resistance 1, unbreathing 1, petrification resistance
a: no special abilities


You were on level 3 of the Dungeon.
You visited 1 branch of the dungeon, and saw 5 of its levels.

You collected 109 gold pieces.

Inventory:

Hand Weapons
 g - a +0 dagger
 o - a +3 vorpal war axe (weapon)
Missiles
 b - 17 stones
 k - 3 silver javelins
Armour
 c - a +0 robe (worn)
Wands
 q - a wand of mindburst (18)
Scrolls
 d - a scroll of enchant weapon
 i - 2 scrolls of identify {unknown}
 p - a scroll of immolation {unknown}
Potions
 h - a potion of berserk rage {unknown}
 j - a potion of brilliance {unknown}
 l - a potion of cancellation {unknown}
 m - 2 potions of might {unknown}
 n - a potion of lignification {unknown}
 r - a potion of degeneration {unknown}


   Skills:
 - Level 1.5 Dodging
 - Level 2.1 Stealth
 + Level 3.7 Spellcasting
 + Level 0.4 Conjurations
 - Level 2.7 Transmutations
 + Level 5.6 Earth Magic


You had 8 spell levels left.
You knew the following spells:

 Your Spells              Type           Power      Damage    Failure   Level
a - Sandblast             Erth           46%        2d11      1%          1
b - Stone Arrow           Conj/Erth      28%        3d8       13%         3

Your spell library contained the following spells:

 Spells                   Type           Power      Damage    Failure   Level
 Passwall                 Tmut/Erth      15%        N/A       4%          2
 Petrify                  Tmut/Erth      18%        N/A       26%         4
 Ignite Poison            Fire/Tmut/Pois 6%         N/A       32%         3
 Lee's Rapid Deconstruct  Erth           11%        3d9*      38%         5
 Ice Form                 Ice/Tmut       8%         N/A       65%         4
 Fireball                 Conj/Fire      2%         3d4       98%         5
 Metabolic Englaciation   Hex/Ice        1%         N/A       99%         5
 Freezing Cloud           Conj/Ice/Air   1%         6-21      100%        6
 Simulacrum               Ice/Necr       1%         N/A       100%        6
 Starburst                Conj/Fire      2%         8x6d3     100%        6
 Ozocubu's Refrigeration  Ice            1%         4d5       100%        7
 Ignition                 Fire           1%         3d3       100%        8


Dungeon Overview and Level Annotations

Branches:
Dungeon (5/15)
 Temple: D:4-7

Altars:

Annotations:
D:3 Ijyb


Innate Abilities, Weirdness & Mutations

Your stone body is resilient. (AC +4)
You are immune to poison.
You resist negative energy. (rN+)
You are resistant to electric shocks. (rElec)
You are resistant to unholy torment.
You can survive without breathing.
You are immune to petrification.


Message History

Casting: Sandblast (safe; 1% risk of failure)
Confirm with . or Enter, or press ? or * to list all spells.
Aiming: Sandblast (safe; 1% risk of failure)
Press: ? - help, Shift-Dir - straight line, f/p - Ijyb
Aim: Ijyb, wielding a +0 dagger, wearing a +0 chain mail and carrying a wand of mindburst (5) (lightly wounded, 19% to evade)
The blast of sand hits Ijyb but does no damage.
Ijyb is lightly wounded.
Ijyb hits you with a +0 dagger.
Casting: Sandblast (safe; 1% risk of failure)
Confirm with . or Enter, or press ? or * to list all spells.
Aiming: Sandblast (safe; 1% risk of failure)
Press: ? - help, Shift-Dir - straight line, f/p - Ijyb
Aim: Ijyb, wielding a +0 dagger, wearing a +0 chain mail and carrying a wand of mindburst (5) (lightly wounded, 19% to evade)
The blast of sand hits Ijyb but does no damage.
Ijyb is lightly wounded.
Ijyb hits you with a +0 dagger.
Casting: Sandblast (safe; 1% risk of failure)
Confirm with . or Enter, or press ? or * to list all spells.
Aiming: Sandblast (safe; 1% risk of failure)
Press: ? - help, Shift-Dir - straight line, f/p - Ijyb
Aim: Ijyb, wielding a +0 dagger, wearing a +0 chain mail and carrying a wand of mindburst (5) (lightly wounded, 19% to evade)
The blast of sand hits Ijyb but does no damage.
Ijyb is lightly wounded.
Ijyb zaps a wand.
Your mind is blasted!
Ouch! That really hurt!
* * * LOW HITPOINT WARNING * * *
Casting: Sandblast (safe; 1% risk of failure)
Confirm with . or Enter, or press ? or * to list all spells.
Aiming: Sandblast (safe; 1% risk of failure)
Press: ? - help, Shift-Dir - straight line, f/p - Ijyb
Aim: Ijyb, wielding a +0 dagger, wearing a +0 chain mail and carrying a wand of mindburst (4) (lightly wounded, 19% to evade)
Okay, then.
Unknown command.
Unknown command.
As you read the scroll labelled QANER XURA, it crumbles to dust.
It is a scroll of enchant weapon.
Your +2 vorpal war axe glows red for a moment.
Ijyb zaps a wand.
Your mind is blasted!
Ouch! That really hurt!
You die...

..... #.#.##.# #..#
#..# ### #.#.##.# ...
#..# #.# #.#.##.# ##..#
#.# #.#.##.## ...#
#.###........ #. #..#
#.....#.##.##
#..####..# #.#####.##.#
.........# #.# #.##.#
.......@.###.# #.....
.......g.....# ####)#
##.#####.###.########.#
#.# #..........# #.#
########## #.# #.# ###


You could see Ijyb.

Vanquished Creatures
  A phantom (D:5)
  An orc priest (D:3)
  Terence (D:3)
  An orc wizard (D:3)
  A hound skeleton (D:4)
  A howler monkey zombie (D:5)
  6 adders
  2 orcs (D:3)
  3 bats
  4 endoplasms
  3 giant cockroaches
  A goblin (D:2)
  2 hobgoblins (D:1)
  4 kobolds
  3 quokkas
  4 ball pythons
  2 frilled lizards (D:2)
  4 rats
44 creatures vanquished.

Notes
Turn   | Place    | Note
-------+----------+-------------------------------------------
     0 | D:1      | Essalna the Gargoyle Earth Elementalist began the quest for
                  | the Orb.
     0 | D:1      | Reached XP level 1. HP: 10/10 MP: 3/3
   197 | D:1      | Found a faded altar of an unknown god.
   217 | D:1      | Reached skill level 1 in Transmutations
   431 | D:1      | Reached XP level 2. HP: 15/15 MP: 3/5
   627 | D:1      | Reached skill level 4 in Earth Magic
  1338 | D:2      | Reached XP level 3. HP: 13/19 MP: 2/6
  2552 | D:3      | Noticed Terence
  2603 | D:3      | You fall into a shaft and drop 2 floors!
  2603 | D:5      | Entered Level 5 of the Dungeon
  2741 | D:5      | Reached XP level 4. HP: 11/24 MP: 5/8
  2902 | D:5      | Noticed a phantom
  2912 | D:5      | Killed a phantom
  2913 | D:5      | Reached skill level 5 in Earth Magic
  2913 | D:5      | Reached XP level 5. HP: 21/28 MP: 1/9
  3273 | D:3      | Reached XP level 6. HP: 16/32 MP: 2/11
  3280 | D:3      | Learned a level 3 spell: Stone Arrow
  3522 | D:3      | Killed Terence
  3647 | D:3      | Noticed Ijyb
  3668 | D:3      | Blown up by Ijyb

Illustrated notes

Levels and vault maps discovered:
D:1:      sevenhm_arrival_forest_fort_small_6, layout_basic,
          basic_ecumenical_altar
D:2:      layout_basic
D:3:      layout_basic, chequers_serial_rivers_small_b, minivault_24,
          wad_rectangle_vault, uniq_ijyb, uniq_terence
D:4:      layout_rooms, nicolae_ashenzari_skybound, minitemple,
          nicolae_qazlal_general_emergency
D:5:      layout_basic, minivault_11, grunt_decor_cap, minmay_fountain_box,
          minmay_statues_item

Skill      XL: |  1  2  3  4 |
---------------+-------------+-----
Transmutations | 1 2 |  2.7
Earth Magic    | 4 5 |  5.6
Spellcasting   | 3 |  3.7
Dodging        | |  1.5
Stealth        | |  2.1
Conjurations   | |  0.4

Action                   |  1- 3 |  4- 6 || total
-------------------------+-------+-------++-------
Melee: Dagger            |    57 |       ||    57
       War axe           |    12 |    25 ||    37
 Cast: Sandblast         |    31 |    36 ||    67
  Use: Potion            |       |     3 ||     3
       Scroll            |       |     1 ||     1
 Stab: Sleeping          |     1 |       ||     1
Armor: Robe              |    34 |    18 ||    52
Dodge: Dodged            |    49 |    19 ||    68

Table legend: (Time is in decaauts)
 A = Elapsed time spent in this place.
 B = Non-inter-level travel time spent in this place.
 C = Inter-level travel time spent in this place.
 D = Time resting spent in this place.
 E = Time spent auto-exploring this place.
 F = Levels seen in this place.
 G = Mean time per level.
                   A        B        C        D        E       F      G
               +--------+--------+--------+--------+--------+-----+--------+
         Total |   3686 |   3530 |    156 |     51 |   3015 |   5 |  737.2 |
       Dungeon |   3686 |   3530 |    156 |     51 |   3015 |   5 |  737.2 |
               +--------+--------+--------+--------+--------+-----+--------+

Top non-repeatable levels by time:
     D:2: 1491 daAuts
     D:1: 1107 daAuts
     D:3: 664 daAuts
     D:5: 391 daAuts
     D:4: 31 daAuts
